[Event "Jiraskuv memorial B"]
[Site "Rakovnik"]
[Date "2011.08.07"]
[Round "2"]
[White "Zika, Vaclav"]
[Black "Arvanitakis, Panagiotis"]
[Result "1-0"]
[ECO "A40"]
[WhiteElo "1748"]
[BlackElo "1497"]
[PlyCount "115"]
[EventDate "2011.08.??"]
[EventType "swiss"]
[EventRounds "9"]
[EventCountry "CZE"]
[TimeControl "240+2"]

{1056MB, Fritz8.ctg} 1. d4 c6 2. c4 a6 3. a4 g6 4. Nf3 Nh6 5. Nc3 f6 6. e4 a5
7. Be2 Bg7 8. O-O O-O 9. Qb3 Na6 10. Bd2 b6 11. Rfe1 Nb4 12. Na2 b5 13. Nxb4
axb4 14. Rad1 Qc7 15. h3 d6 16. Qc2 e5 17. d5 f5 18. Bxh6 Bxh6 19. Bd3 fxe4 20.
Bxe4 Bf5 21. b3 Qd7 22. Bxf5 Qxf5 23. Qxf5 Rxf5 24. Re4 Kf7 25. Rd3 g5 26. g4
Rf4 27. Nd2 Ke7 28. Rxf4 gxf4 29. Ne4 Rg8 30. Kg2 Bg5 31. Rd1 Bh4 32. Kf3 h6
33. Rg1 Ra8 34. Nd2 Kd7 35. Rg2 Re8 36. Ke4 Rf8 37. Nf3 Bg5 38. Rh2 Be7 39. h4
h5 40. g5 Bd8 41. Rg2 Ke7 42. g6 Rg8 43. Rg5 Kf6 44. Rxh5 Rxg6 45. Ng5 Be7 46.
Rh7 Rg7 47. Rxg7 Kxg7 48. Kf5 Bxg5 49. Kxg5 Kh7 50. Kh5 Kg7 51. Kg5 Kh7 52. Kh5
e4 53. Kg4 e3 54. fxe3 fxe3 55. Kf3 e2 56. Kxe2 Kh6 57. Kf3 Kh5 58. Kg3 1-0

[Event "Jiraskuv memorial B"]
[Site "Rakovnik"]
[Date "2011.08.07"]
[Round "2"]
[White "Cizkovsky, Ota"]
[Black "Cerny, Michal"]
[Result "1-0"]
[ECO "B50"]
[WhiteElo "1694"]
[BlackElo "1790"]
[PlyCount "55"]
[EventDate "2011.08.??"]
[EventType "swiss"]
[EventRounds "9"]
[EventCountry "CZE"]
[TimeControl "240+2"]

{1056MB, Fritz8.ctg} 1. e4 c5 2. Nf3 d6 3. Bc4 Nf6 4. d3 e6 5. Bg5 Be7 6. O-O
O-O 7. c3 Nc6 8. Nbd2 a6 9. a4 Na5 10. Ba2 Qc7 11. h3 Rd8 12. Qe2 Bd7 13. e5
dxe5 14. Nxe5 Bc6 15. b4 cxb4 16. cxb4 Bxb4 17. Bxf6 gxf6 18. Qg4+ Kh8 19.
Nxf7+ Qxf7 20. Qxb4 Rg8 21. Ne4 Qg6 22. Ng3 f5 23. Qxa5 f4 24. Qe5+ Rg7 25.
Qxf4 Qxd3 26. Bxe6 Re8 27. Rad1 Qc2 28. Qf6 1-0

[Event "Jiraskuv memorial B"]
[Site "Rakovnik"]
[Date "2011.08.07"]
[Round "2"]
[White "Cernouskova, Alena"]
[Black "Jesensky, Jaromir"]
[Result "1-0"]
[ECO "A46"]
[WhiteElo "1702"]
[BlackElo "1553"]
[PlyCount "55"]
[EventDate "2011.08.??"]
[EventType "swiss"]
[EventRounds "9"]
[EventCountry "CZE"]
[TimeControl "240+2"]

{1056MB, Fritz8.ctg} 1. d4 Nf6 2. Nf3 c5 3. e3 cxd4 4. exd4 d5 5. g3 g6 6. Bg2
Bg7 7. O-O O-O 8. h3 Nc6 9. Be3 Bf5 10. a3 Na5 11. Nbd2 Rc8 12. Rc1 Nc4 13.
Nxc4 Rxc4 14. Ne5 Rc8 15. Qe2 Qc7 16. c4 Qd8 17. Rfd1 Ne4 18. g4 Bxe5 19. dxe5
Be6 20. Bh6 Qb6 21. Bxe4 dxe4 22. Bxf8 Kxf8 23. b4 Qc6 24. Rd4 b5 25. c5 Bd5
26. Qe3 Qe6 27. Rcd1 Bc6 28. Qh6+ 1-0

[Event "Jiraskuv memorial B"]
[Site "Rakovnik"]
[Date "2011.08.07"]
[Round "2"]
[White "Mitosinka, Boris"]
[Black "Sulitka, Oldrich"]
[Result "1-0"]
[ECO "A09"]
[WhiteElo "1518"]
[BlackElo "1585"]
[PlyCount "99"]
[EventDate "2011.08.??"]
[EventType "swiss"]
[EventRounds "9"]
[EventCountry "CZE"]
[TimeControl "240+2"]

{1056MB, Fritz8.ctg} 1. Nf3 d5 2. c4 Nf6 3. g3 Bg4 4. Bg2 c5 5. cxd5 Bxf3 6.
Bxf3 Nxd5 7. Qb3 e6 8. Qxb7 Nd7 9. Bxd5 exd5 10. Qxd5 Be7 11. d3 O-O 12. O-O
Bf6 13. Nc3 Qe7 14. Ne4 Rad8 15. Nxf6+ Nxf6 16. Qf3 Qe6 17. Bg5 Rd5 18. Bxf6
Rf5 19. Qg4 Qxf6 20. Rab1 h5 21. Qc4 Rd8 22. b3 Rd4 23. Qc3 Qg6 24. e3 Rg4 25.
Rb2 h4 26. Qe1 Rf3 27. Kg2 Qh5 28. Rh1 h3+ 29. Kf1 Qd5 30. Ke2 Rf6 31. Qf1 Qf3+
32. Ke1 Rd6 33. Rd2 Rg5 34. Rg1 Rgd5 35. Qe2 Qf6 36. Qd1 Qc3 37. Ke2 Qe5 38. f4
Qe6 39. Re1 Qg6 40. Qc2 Qg4+ 41. Kf2 g5 42. Red1 Rf6 43. Rg1 gxf4 44. gxf4
Qxg1+ 45. Kxg1 Rg6+ 46. Kf2 Rh5 47. Kf3 Rh4 48. Qxc5 Rhg4 49. Re2 Kg7 50. Qh5
1-0

[Event "Jiraskuv memorial B"]
[Site "Rakovnik"]
[Date "2011.08.07"]
[Round "2"]
[White "Masek, Jan"]
[Black "Gruss, Petr"]
[Result "1-0"]
[ECO "C30"]
[WhiteElo "1670"]
[BlackElo "1724"]
[PlyCount "57"]
[EventDate "2011.08.??"]
[EventType "swiss"]
[EventRounds "9"]
[EventCountry "CZE"]
[TimeControl "240+2"]

{1056MB, Fritz8.ctg} 1. e4 e5 2. f4 Nc6 3. Nf3 d6 4. Bc4 Be7 5. O-O Nf6 6. Qe1
O-O 7. c3 Bg4 8. Na3 Bxf3 9. Rxf3 exf4 10. d4 d5 11. exd5 Nxd5 12. Bxf4 Nxf4
13. Rxf4 Bxa3 14. bxa3 Qd6 15. Qf2 Nd8 16. Rf1 Qd7 17. Qf3 c6 18. Qh5 Qe7 19.
R4f3 Ne6 20. Bd3 h6 21. Rg3 Kh8 22. Qf5 g6 23. Qe5+ Kh7 24. Rf6 Qxa3 25. h4 Ng7
26. Bxg6+ fxg6 27. Rfxg6 Qc1+ 28. Kh2 Nf5 29. Qc7+ 1-0

[Event "Jiraskuv memorial B"]
[Site "Rakovnik"]
[Date "2011.08.07"]
[Round "2"]
[White "Libosvar, Jan"]
[Black "Pribylova, Sofie"]
[Result "1/2-1/2"]
[ECO "C48"]
[WhiteElo "1554"]
[BlackElo "1250"]
[PlyCount "80"]
[EventDate "2011.08.??"]
[EventType "swiss"]
[EventRounds "9"]
[EventCountry "CZE"]
[TimeControl "240+2"]

{1056MB, Fritz8.ctg} 1. e4 e5 2. Nf3 Nc6 3. Bb5 Nf6 4. Nc3 d6 5. O-O Be7 6. Re1
O-O 7. h3 d5 8. exd5 Nxd5 9. Bxc6 bxc6 10. Nxe5 Qd6 11. d4 Bf6 12. Ne4 Qe6 13.
Nc5 Qd6 14. Bf4 Nxf4 15. c3 Re8 16. Nc4 Rxe1+ 17. Qxe1 Qd8 18. Ne5 Bf5 19. Qe3
Bg5 20. Qf3 Qd5 21. Kh2 Qxf3 22. Nxf3 Bf6 23. Re1 h6 24. g4 Be6 25. Kg3 Nd5 26.
Nxe6 fxe6 27. Rxe6 Rb8 28. Rxc6 Rxb2 29. Rc5 Nb6 30. Rxc7 Rxa2 31. Ne5 Bxe5+
32. dxe5 Re2 33. f4 g5 34. Kf3 Re1 35. fxg5 hxg5 36. Rxa7 Nd5 37. c4 Nc3 38.
Ra5 Rf1+ 39. Kg2 Re1 40. e6 Rxe6 1/2-1/2

[Event "Jiraskuv memorial B"]
[Site "Rakovnik"]
[Date "2011.08.07"]
[Round "3"]
[White "Arvanitakis, Panagiotis"]
[Black "Pokorny, Tomas"]
[Result "1-0"]
[ECO "A00"]
[WhiteElo "1497"]
[BlackElo "1703"]
[PlyCount "99"]
[EventDate "2011.08.??"]
[EventType "swiss"]
[EventRounds "9"]
[EventCountry "CZE"]
[TimeControl "240+2"]

{1056MB, Fritz8.ctg} 1. c3 d5 2. a3 e5 3. b4 Nf6 4. d4 exd4 5. cxd4 Nc6 6. Bb2
Be7 7. g3 Bf5 8. Bg2 O-O 9. e3 Bd6 10. Ne2 Ne7 11. O-O c6 12. Nd2 Qb6 13. Qb3
Bc7 14. a4 a6 15. Nc3 Bd6 16. Ba3 Qc7 17. b5 axb5 18. Bxd6 Qxd6 19. axb5 Rfb8
20. Ra2 Rxa2 21. Nxa2 Ra8 22. bxc6 bxc6 23. Qb4 Qb8 24. Qxe7 Rxa2 25. Nf3 Ra7
26. Qc5 Rc7 27. Ne5 Qc8 28. Ra1 Ne4 29. Qa3 f6 30. Nd3 Qd7 31. Nc5 Nxc5 32.
Qxc5 Kf7 33. Rc1 Be6 34. e4 Rc8 35. exd5 cxd5 36. Qxc8 Qxc8 37. Rxc8 Bxc8 38.
Bxd5+ Be6 39. Be4 f5 40. Bd3 Ke7 41. Kf1 Kd6 42. Ke2 g6 43. Ke3 Bd5 44. Ba6 Ke7
45. Kf4 Kf6 46. h4 h5 47. Bb5 Bf7 48. Bc6 Ke6 49. Kg5 Kd6 50. Kf6 1-0

[Event "Jiraskuv memorial B"]
[Site "Rakovnik"]
[Date "2011.08.07"]
[Round "3"]
[White "Masek, Jan"]
[Black "Koblic, Miroslav"]
[Result "0-1"]
[ECO "B13"]
[WhiteElo "1670"]
[BlackElo "1698"]
[PlyCount "94"]
[EventDate "2011.08.??"]
[EventType "swiss"]
[EventRounds "9"]
[EventCountry "CZE"]
[TimeControl "240+2"]

{1056MB, Fritz8.ctg} 1. e4 c6 2. d4 d5 3. exd5 cxd5 4. Nf3 Nf6 5. c4 Bg4 6. h3
Bh5 7. c5 Nc6 8. Be3 a6 9. Nc3 e5 10. dxe5 Nxe5 11. Qa4+ Nc6 12. Be2 Be7 13.
Ne5 Rc8 14. Bxh5 Nxh5 15. Rd1 Nf6 16. Nxc6 Rxc6 17. b4 O-O 18. Qb3 Re6 19. Nxd5
Nxd5 20. Rxd5 Qc7 21. O-O Rg6 22. Rfd1 Qc6 23. R1d4 Bf6 24. Rg4 Rxg4 25. hxg4
Qe6 26. f3 Re8 27. Rd3 Qe5 28. f4 Qe4 29. g5 Bb2 30. Kf2 Bc1 31. Bxc1 Qe1+ 32.
Kf3 Qf1+ 33. Kg3 Qxc1 34. Qc3 Qf1 35. Rd7 Qe2 36. Rd3 Qxa2 37. Qe5 Rf8 38. Qd5
Qb2 39. Qxb7 Qb1 40. Qxa6 Qxb4 41. c6 Qe7 42. Kg4 h5+ 43. Kxh5 g6+ 44. Kg4 Qe6+
45. Kf3 Re8 46. Rd1 Qe4+ 47. Kf2 Qc2+ 0-1

[Event "Jiraskuv memorial B"]
[Site "Rakovnik"]
[Date "2011.08.07"]
[Round "3"]
[White "Hajsman, Ladislav"]
[Black "Zak, Jiri"]
[Result "1-0"]
[ECO "D94"]
[WhiteElo "1831"]
[BlackElo "1627"]
[PlyCount "71"]
[EventDate "2011.08.??"]
[EventType "swiss"]
[EventRounds "9"]
[EventCountry "CZE"]
[TimeControl "240+2"]

{1056MB, Fritz8.ctg} 1. d4 Nf6 2. c4 c6 3. Nc3 d5 4. Nf3 g6 5. e3 Bg7 6. Qc2
Bf5 7. Bd3 Bxd3 8. Qxd3 O-O 9. O-O Qc7 10. Re1 Nbd7 11. e4 dxe4 12. Nxe4 Nxe4
13. Qxe4 Rae8 14. Bf4 Qb6 15. Rab1 Qa6 16. Qd3 Nb6 17. b3 Nd5 18. Bd2 Nc7 19.
Re2 f6 20. Rbe1 Rf7 21. Qc2 Qb6 22. Bf4 Na8 23. d5 cxd5 24. cxd5 Qd8 25. Qc5
Nb6 26. Rd2 Nc8 27. Qb5 Nb6 28. Re6 Rff8 29. Qc5 Qd7 30. Bc7 Nxd5 31. Qxd5 Qxc7
32. Rxe7+ Kh8 33. Rxc7 f5 34. Qd7 Rg8 35. g3 h6 36. Rxb7 1-0

[Event "Jiraskuv memorial B"]
[Site "Rakovnik"]
[Date "2011.08.07"]
[Round "3"]
[White "Cizkovsky, Ota"]
[Black "Hejda, Vaclav"]
[Result "1/2-1/2"]
[ECO "C50"]
[WhiteElo "1694"]
[BlackElo "1825"]
[PlyCount "42"]
[EventDate "2011.08.??"]
[EventType "swiss"]
[EventRounds "9"]
[EventCountry "CZE"]
[TimeControl "180"]

{24MB, Fritz8.ctg, sach1} 1. e4 e5 2. Bc4 Nc6 3. Nf3 d6 4. h3 Be7 5. c3 Na5 6.
Bb3 Nxb3 7. axb3 Nf6 8. d3 O-O 9. Be3 b6 10. Nbd2 Bb7 11. c4 c5 12. O-O a5 13.
Nh2 Qd7 14. f4 exf4 15. Bxf4 Qe6 16. Qf3 Nd7 17. Rae1 Bf6 18. Qg3 Be5 19. Ng4
Bxf4 20. Qxf4 Ne5 21. Nxe5 Qxe5 1/2-1/2

[Event "Jiraskuv memorial B"]
[Site "Rakovnik"]
[Date "2011.08.07"]
[Round "3"]
[White "Redl, Vaclav"]
[Black "Libosvar, Jan"]
[Result "1/2-1/2"]
[ECO "D60"]
[WhiteElo "1570"]
[BlackElo "1554"]
[PlyCount "38"]
[EventDate "2011.08.??"]
[EventType "swiss"]
[EventRounds "9"]
[EventCountry "CZE"]
[TimeControl "180"]

{24MB, Fritz8.ctg, sach1} 1. d4 d5 2. c4 c6 3. Nf3 Nf6 4. Bg5 e6 5. e3 Be7 6.
Nc3 Nbd7 7. Bd3 O-O 8. O-O Re8 9. Qc2 dxc4 10. Bxc4 Nd5 11. Bxe7 Qxe7 12. Bd3
Nf8 13. Nxd5 exd5 14. a3 a5 15. Rfb1 g6 16. Qc5 Qc7 17. Qc3 Qd6 18. Qc5 Qc7 19.
Qc3 Qd6 1/2-1/2

[Event "Jiraskuv memorial B"]
[Site "Rakovnik"]
[Date "2011.08.07"]
[Round "3"]
[White "Sulitka, Oldrich"]
[Black "Pucholt, Martin"]
[Result "0-1"]
[ECO "A46"]
[WhiteElo "1585"]
[BlackElo "1428"]
[PlyCount "80"]
[EventDate "2011.08.??"]
[EventType "swiss"]
[EventRounds "9"]
[EventCountry "CZE"]
[TimeControl "180"]

{24MB, Fritz8.ctg, sach1} 1. d4 Nf6 2. Nf3 e6 3. Bg5 Be7 4. c4 h6 5. Bh4 b6 6.
Nc3 Bb7 7. d5 O-O 8. e4 exd5 9. cxd5 d6 10. Bd3 c6 11. O-O cxd5 12. Bxf6 Bxf6
13. exd5 Ba6 14. Re1 Re8 15. Ne4 Bxb2 16. Rb1 Bxd3 17. Qxd3 Be5 18. Re2 Nd7 19.
Rbe1 f6 20. Nxd6 Nc5 21. Qf5 Qxd6 22. Nxe5 Rxe5 23. Rxe5 fxe5 24. Rxe5 Rf8 25.
Qh5 Rxf2 26. Re8+ Rf8 27. Qe2 Qxd5 28. h3 Rxe8 29. Qxe8+ Kh7 30. a4 Qd7 31. Qh5
Nxa4 32. Qf3 Nc5 33. g4 Qd4+ 34. Kh2 Qd2+ 35. Kg1 Qd4+ 36. Kh2 Qf6 37. Qd1 a5
38. Qc2+ Kg8 39. Qc4+ Qe6 40. Qb5 Qe5+ 0-1

[Event "Jiraskuv memorial B"]
[Site "Rakovnik"]
[Date "2011.08.07"]
[Round "3"]
[White "Sebek, Pavel"]
[Black "Cernouskova, Alena"]
[Result "0-1"]
[ECO "C45"]
[WhiteElo "1679"]
[BlackElo "1702"]
[PlyCount "102"]
[EventDate "2011.08.??"]
[EventType "swiss"]
[EventRounds "9"]
[EventCountry "CZE"]
[TimeControl "180"]

{24MB, Fritz8.ctg, sach1} 1. e4 e5 2. Nf3 Nc6 3. d4 exd4 4. Nxd4 Bc5 5. c3 Qf6
6. Be3 Nge7 7. Be2 d5 8. Bf3 dxe4 9. Bxe4 Nxd4 10. Bxd4 Bxd4 11. Qxd4 Qxd4 12.
cxd4 Bf5 13. f3 O-O-O 14. d5 Rhe8 15. Kf2 Bg6 16. Nc3 f5 17. Bc2 Nxd5 18. Rhe1
Nxc3 19. Rxe8 Rxe8 20. bxc3 Re5 21. Bb3 Kd7 22. Rd1+ Ke7 23. Rd2 f4 24. Rd4 Rc5
25. c4 Rf5 26. Re4+ Kd6 27. Rd4+ Kc5 28. Rd7 Rf7 29. Rd5+ Kb4 30. Rb5+ Kc3 31.
Rxb7 c6 32. Rb8 Rd7 33. Ke1 Rd2 34. g4 Rxh2 35. Rf8 Bd3 36. Rxf4 Re2+ 37. Kd1
Rd2+ 38. Ke1 Bb1 39. Re4 Bxe4 40. fxe4 Rd7 41. Ba4 Rd6 42. c5 Re6 43. Kf2 Kb4
44. Bb3 Rxe4 45. Kf3 Re5 46. Kf4 Rxc5 47. Be6 g5+ 48. Ke4 a5 49. Kd4 a4 50. Ke4
Kc3 51. Ke3 Re5+ 0-1

[Event "Jiraskuv memorial B"]
[Site "Rakovnik"]
[Date "2011.08.07"]
[Round "3"]
[White "Zika, Vaclav"]
[Black "Mleziva, Miloslav"]
[Result "0-1"]
[ECO "D46"]
[WhiteElo "1748"]
[BlackElo "1695"]
[PlyCount "117"]
[EventDate "2011.08.??"]
[EventType "swiss"]
[EventRounds "9"]
[EventCountry "CZE"]
[TimeControl "180"]

{24MB, Fritz8.ctg, sach1} 1. d4 d5 2. c4 c6 3. Nf3 e6 4. Nc3 Nf6 5. e3 Nbd7 6.
Bd3 Be7 7. O-O O-O 8. cxd5 exd5 9. Qc2 Re8 10. Re1 Bd6 11. e4 dxe4 12. Nxe4
Nxe4 13. Bxe4 Nf8 14. Bd2 Bg4 15. h3 Bh5 16. Bc3 Qc7 17. g4 Bg6 18. Bxg6 Nxg6
19. Bd2 Bf4 20. Kh1 Qd6 21. Qc5 Qxc5 22. dxc5 Bxd2 23. Nxd2 Nf4 24. Nb3 Nxh3
25. Kg2 Nf4+ 26. Kf3 Nd5 27. Na5 Nb4 28. Rxe8+ Rxe8 29. Nxb7 g5 30. a3 Nd3 31.
b4 Ne5+ 32. Kg3 Rb8 33. Na5 Rd8 34. Re1 Rd3+ 35. Re3 Rxe3+ 36. fxe3 Kf8 37. Nb7
Nc4 38. Kf3 Ne5+ 39. Kg3 Ke7 40. Nd6 Ke6 41. Ne4 h6 42. Nd6 Kd5 43. Kh3 a5 44.
Kg3 axb4 45. axb4 f6 46. e4+ Kd4 47. Nf5+ Kc4 48. Nxh6 Kxb4 49. Ng8 Kxc5 50.
Nxf6 Kd4 51. Nh7 Nf7 52. Kf3 c5 53. Nf6 c4 54. Ke2 Nd6 55. Kd1 Nxe4 56. Nh7 Kd3
57. Kc1 c3 58. Kd1 c2+ 59. Kc1 0-1

[Event "Jiraskuv memorial B"]
[Site "Rakovnik"]
[Date "2011.08.07"]
[Round "3"]
[White "Veselsky, Jan"]
[Black "Zacek, Petr"]
[Result "1-0"]
[ECO "E94"]
[WhiteElo "1650"]
[BlackElo "1608"]
[PlyCount "75"]
[EventDate "2011.08.??"]
[EventType "swiss"]
[EventRounds "9"]
[EventCountry "CZE"]
[TimeControl "180"]

{24MB, Fritz8.ctg, sach1} 1. d4 Nf6 2. c4 g6 3. Nc3 Bg7 4. e4 d6 5. Nf3 O-O 6.
Be2 Nbd7 7. O-O e5 8. Be3 Ng4 9. Bg5 f6 10. Bc1 Qe8 11. h3 Nh6 12. Nb5 Qd8 13.
dxe5 Nxe5 14. Qb3 Qe7 15. Be3 Nxf3+ 16. Bxf3 f5 17. exf5 Nxf5 18. Nxa7 Nxe3 19.
Nxc8 Raxc8 20. fxe3 c6 21. Rad1 Kh8 22. Bg4 Rce8 23. Rxf8+ Rxf8 24. Bf3 Be5 25.
a4 Qg5 26. e4 Qg3 27. Qd3 Qh2+ 28. Kf1 g5 29. Qe3 Qg3 30. b4 Rf6 31. c5 g4 32.
hxg4 Qxg4 33. cxd6 Qh4 34. d7 Rd6 35. Rxd6 Bxd6 36. Qd4+ Kg8 37. Qxd6 Qh1+ 38.
Ke2 1-0

[Event "Jiraskuv memorial B"]
[Site "Rakovnik"]
[Date "2011.08.07"]
[Round "3"]
[White "Cerny, Michal"]
[Black "Rerabek, Jaroslav"]
[Result "1-0"]
[ECO "B76"]
[WhiteElo "1790"]
[BlackElo "1626"]
[PlyCount "30"]
[EventDate "2011.08.??"]
[EventType "swiss"]
[EventRounds "9"]
[EventCountry "CZE"]
[TimeControl "240+2"]

{16MB, Fritz8.ctg, SACHY-67D9C7985} 1. e4 c5 2. Nf3 d6 3. d4
cxd4 4. Nxd4 Nf6 5. Nc3 g6 6. Be3 Bg7 7. f3 O-O 8. Qd2 d5 9. e5 Nfd7 10. f4 e6
11. O-O-O f6 12. Nxe6 Qa5 13. Nxf8 Kxf8 14. exf6 Nxf6 15. Nxd5 Qxa2 1-0

[Event "Jiraskuv memorial B"]
[Site "Rakovnik"]
[Date "2011.08.07"]
[Round "3"]
[White "Jesensky, Jaromir"]
[Black "Vankova, Veronika"]
[Result "1-0"]
[ECO "C23"]
[WhiteElo "1553"]
[BlackElo "1279"]
[PlyCount "89"]
[EventDate "2011.08.??"]
[EventType "swiss"]
[EventRounds "9"]
[EventCountry "CZE"]
[TimeControl "240+2"]

{16MB, Fritz8.ctg, SACHY-67D9C7985} 1. e4 e5 2. Bc4 Be7 3. Qh5
g6 4. Qxe5 Nf6 5. d3 Nc6 6. Qg3 d6 7. Nc3 Ne5 8. Bg5 Nxc4 9. dxc4 c6 10. O-O-O
O-O 11. e5 Nh5 12. Bxe7 Nxg3 13. Bxd8 Nxh1 14. Bh4 dxe5 15. Nge2 Nxf2 16. Bxf2
Be6 17. b3 a6 18. Ne4 b5 19. cxb5 axb5 20. N2c3 b4 21. Na4 Bf5 22. Nd6 Rad8 23.
Bc5 Bg4 24. Rd2 e4 25. Nxe4 Rxd2 26. Nf6+ Kg7 27. Bxf8+ Kxf6 28. Kxd2 h5 29.
Bxb4 Be6 30. Nc5 Bd5 31. g3 Kg5 32. Nd3 Kg4 33. a4 Kh3 34. Nf4+ Kxh2 35. Nxd5
cxd5 36. Bd6 g5 37. a5 Kh3 38. a6 h4 39. gxh4 gxh4 40. a7 Kg2 41. a8=Q h3 42.
Qxd5+ Kg1 43. Qg5+ Kh1 44. Qg3 f5 45. Qh2# 1-0

[Event "Jiraskuv memorial B"]
[Site "Rakovnik"]
[Date "2011.08.07"]
[Round "3"]
[White "Pribylova, Sofie"]
[Black "Folbr, Martin"]
[Result "0-1"]
[ECO "B30"]
[WhiteElo "1250"]
[BlackElo "1353"]
[PlyCount "42"]
[EventDate "2011.08.??"]
[EventType "swiss"]
[EventRounds "9"]
[EventCountry "CZE"]
[TimeControl "240+2"]

{16MB, Fritz8.ctg, SACHY-67D9C7985} 1. e4 c5 2. Nc3 Nc6 3. Nf3
e6 4. d4 d5 5. exd5 exd5 6. Bb5 Bd7 7. O-O Nf6 8. Bg5 Be7 9. dxc5 O-O 10. Re1
a6 11. Ba4 b5 12. Bb3 Be6 13. Qd3 Nb4 14. Qd2 Qc7 15. a3 Nc6 16. Bxd5 Rad8 17.
Rad1 b4 18. Bf4 Qa7 19. Ne5 Nxe5 20. Rxe5 bxc3 21. bxc3 Nxd5 0-1

[Event "Jiraskuv memorial B"]
[Site "Rakovnik"]
[Date "2011.08.07"]
[Round "3"]
[White "Ruzicka, Vaclav"]
[Black "Brada, Zdenek"]
[Result "0-1"]
[ECO "B21"]
[WhiteElo "1703"]
[BlackElo "1488"]
[PlyCount "54"]
[EventDate "2011.08.??"]
[EventType "swiss"]
[EventRounds "9"]
[EventCountry "CZE"]
[TimeControl "240+2"]

{16MB, Fritz8.ctg, SACHY-67D9C7985} 1. e4 c5 (1... c5 ) 2. f4 d5 3. exd5 Qxd5 4. Nc3 Qd8 5. Nf3 Nc6 6. Bb5 Bd7 7. O-O Nf6 8.
d3 e6 9. Ne4 Nxe4 10. dxe4 Be7 11. Be3 O-O 12. Qe2 Qb6 13. a4 a6 14. Bd3 Qc7
15. Qf2 Nb4 16. Bc4 b5 17. axb5 axb5 18. c3 Nc6 19. Bxb5 Rxa1 20. Rxa1 Rb8 21.
Bxc6 Qxc6 22. Ne5 Qb5 23. Ra7 Rb7 24. Rxb7 Qxb7 25. Nxd7 Qxd7 26. Bxc5 Qd1+ 27.
Qf1 Bxc5+ 0-1

[Event "Jiraskuv memorial B"]
[Site "Rakovnik"]
[Date "2011.08.07"]
[Round "3"]
[White "Gruss, Petr"]
[Black "Georgiev, Lukas"]
[Result "1-0"]
[ECO "A85"]
[WhiteElo "1724"]
[BlackElo "1607"]
[PlyCount "69"]
[EventDate "2011.08.??"]
[EventType "swiss"]
[EventRounds "9"]
[EventCountry "CZE"]
[TimeControl "240+2"]

{16MB, Fritz8.ctg, SACHY-67D9C7985} 1. d4 f5 2. c4 Nf6 3. Nf3 e6 4. Nc3 Be7 5.
e3 O-O 6. Bd3 Nc6 7. a3 Qe8 8. b4 b6 9. Qb3 Qh5 10. d5 Nd8 11. dxe6 Nxe6 12.
Ne2 Ne4 13. Nf4 Nxf4 14. exf4 Bb7 15. Be3 c5 16. Be2 d6 17. O-O Qg6 18. Rad1
Rad8 19. Rd3 Qe8 20. Rfd1 Rf7 21. bxc5 dxc5 22. Rxd8 Bxd8 23. Ne5 Re7 24. f3
Nf6 25. Bc1 Bc7 26. Bb2 Bxe5 27. fxe5 Nd7 28. f4 g5 29. Qg3 g4 30. Bd3 Qg6 31.
Qh4 Qe6 32. Bxf5 Qc6 33. Rd5 Nf8 34. Qxe7 b5 35. e6 1-0

[Event "Jiraskuv memorial B"]
[Site "Rakovnik"]
[Date "2011.08.07"]
[Round "3"]
[White "Hajsman, Martin"]
[Black "Mitosinka, Boris"]
[Result "0-1"]
[ECO "A18"]
[WhiteElo "1699"]
[BlackElo "1518"]
[PlyCount "82"]
[EventDate "2011.08.??"]
[EventType "swiss"]
[EventRounds "9"]
[EventCountry "CZE"]
[TimeControl "240+2"]

{16MB, Fritz8.ctg, SACHY-67D9C7985} 1. c4 Nf6 2. Nc3 e6 3. e4 Bb4 4. d3 O-O 5.
g3 d5 6. Bd2 Bxc3 7. bxc3 dxe4 8. d4 c5 9. Ne2 Nc6 10. Bg5 h6 11. Be3 Ng4 12.
Bg2 Nxe3 13. fxe3 f5 14. Nf4 Qf6 15. O-O b6 16. Qh5 Ba6 17. Ng6 Bxc4 18. Bxe4
Bxf1 19. Bxc6 Rac8 20. Nxf8 Qxf8 21. Bd7 Bc4 22. Bxc8 Qxc8 23. Qf3 Bd5 24. Qe2
Bb7 25. Rf1 cxd4 26. cxd4 Ba6 27. Qd2 Bxf1 28. Kxf1 Qc6 29. Ke2 Qg2+ 30. Kd3
Qxd2+ 31. Kxd2 Kf7 32. Kd3 Ke7 33. Kc4 a6 34. a4 Kd6 35. h4 g5 36. g4 Kc6 37.
gxf5 exf5 38. d5+ Kd6 39. Kd4 h5 40. e4 fxe4 41. Kxe4 g4 0-1

[Event "Jiraskuv memorial B"]
[Site "Rakovnik"]
[Date "2011.08.08"]
[Round "4"]
[White "Rerabkova, Eliska"]
[Black "Sulitka, Oldrich"]
[Result "1-0"]
[ECO "C64"]
[WhiteElo "1250"]
[BlackElo "1585"]
[PlyCount "55"]
[EventDate "2011.08.??"]
[EventType "swiss"]
[EventRounds "9"]
[EventCountry "CZE"]
[TimeControl "240+2"]

{1056MB, Fritz8.ctg} 1. e4 e5 2. Nf3 Nc6 3. Nc3 Bc5 4. Bb5 Nf6 5. O-O O-O 6.
Bxc6 bxc6 7. Nxe5 Re8 8. d4 Bb6 9. Bg5 h6 10. Bh4 g5 11. Bg3 Bb7 12. d5 cxd5
13. exd5 d6 14. Nc6 Qd7 15. Qf3 Bxc6 16. Qxf6 Bb5 17. Rfe1 a6 18. Qxh6 Qf5 19.
Kh1 Bd7 20. f3 Bd4 21. Ne4 f6 22. c3 Be5 23. Bxe5 Rxe5 24. Nxf6+ Kf7 25. Nxd7
Qxd7 26. Qh7+ Ke8 27. Qh8+ Ke7 28. Qxa8 1-0

[Event "Jiraskuv memorial B"]
[Site "Rakovnik"]
[Date "2011.08.08"]
[Round "4"]
[White "Vankova, Veronika"]
[Black "Pribyl, Viktor"]
[Result "1-0"]
[ECO "C48"]
[WhiteElo "1279"]
[BlackElo "1250"]
[PlyCount "85"]
[EventDate "2011.08.??"]
[EventType "swiss"]
[EventRounds "9"]
[EventCountry "CZE"]
[TimeControl "240+2"]

{1056MB, Fritz8.ctg} 1. e4 e5 2. Nf3 Nc6 3. Nc3 Nf6 4. Bb5 Nd4 5. Nxe5 Nxb5 6.
Nxb5 Nxe4 7. Qe2 c6 8. Qxe4 Qe7 9. Nc7+ Kd8 10. Nxc6+ bxc6 11. Qxe7+ Bxe7 12.
Nxa8 Bb7 13. O-O Bxa8 14. b3 Bf6 15. Rb1 Re8 16. Bb2 Bxb2 17. Rxb2 Re2 18. c3
c5 19. b4 cxb4 20. Rxb4 Kc8 21. Rd1 Bd5 22. a3 a5 23. Rb5 Bc4 24. Rc5+ Kb7 25.
Rxc4 Kb6 26. f3 d6 27. Rb1+ Ka6 28. Rc6+ Ka7 29. Rxd6 a4 30. Rd4 Re6 31. Rxa4+
Ra6 32. Rxa6+ Kxa6 33. Kf2 f6 34. Ke3 g6 35. Kd4 h6 36. Kc5 h5 37. Kc6 Ka5 38.
Rb4 g5 39. h3 f5 40. g4 hxg4 41. hxg4 fxg4 42. fxg4 Ka6 43. Ra4# 1-0

[Event "Jiraskuv memorial B"]
[Site "Rakovnik"]
[Date "2011.08.08"]
[Round "4"]
[White "Brada, Zdenek"]
[Black "Gruss, Petr"]
[Result "0-1"]
[ECO "E14"]
[WhiteElo "1488"]
[BlackElo "1724"]
[PlyCount "106"]
[EventDate "2011.08.??"]
[EventType "swiss"]
[EventRounds "9"]
[EventCountry "CZE"]
[TimeControl "240+2"]

{1056MB, Fritz8.ctg} 1. d4 d5 2. Nf3 Nf6 3. e3 e6 4. c4 b6 5. Nc3 Bb7 6. Be2
Be7 7. O-O O-O 8. a3 c5 9. dxc5 Bxc5 10. Bd2 Bd6 11. Rc1 dxc4 12. Bxc4 Nc6 13.
Nb5 Be7 14. Qe2 a6 15. Nc3 Qc7 16. Nb1 Ne4 17. Bd3 Nxd2 18. Nbxd2 Rfd8 19. Bb1
Bf6 20. Ne4 Qe7 21. Nxf6+ Qxf6 22. Rfd1 Rac8 23. Bd3 b5 24. Bb1 g6 25. Rxd8+
Qxd8 26. Qd3 Qe7 27. Qe2 Kg7 28. Rd1 Qc5 29. Qc2 Qxc2 30. Bxc2 Na5 31. Bd3 Rd8
32. b4 Bxf3 33. gxf3 Nc4 34. Be2 Rxd1+ 35. Bxd1 Nxa3 36. Kf1 Nc4 37. Ke2 Kf6
38. Kd3 Nb2+ 39. Kc2 Nxd1 40. Kxd1 Ke5 41. Kc2 Kd5 42. Kc3 e5 43. e4+ Kc6 44.
Kb3 g5 45. h3 Kb6 46. Kc3 a5 47. bxa5+ Kxa5 48. Kb3 h6 49. Ka3 b4+ 50. Kb3 Kb5
51. Kb2 Kc4 52. Kc2 b3+ 53. Kb2 Kb4 0-1

[Event "Jiraskuv memorial B"]
[Site "Rakovnik"]
[Date "2011.08.08"]
[Round "4"]
[White "Zacek, Petr"]
[Black "Pribylova, Sofie"]
[Result "1-0"]
[ECO "C44"]
[WhiteElo "1608"]
[BlackElo "1250"]
[PlyCount "73"]
[EventDate "2011.08.??"]
[EventType "swiss"]
[EventRounds "9"]
[EventCountry "CZE"]
[TimeControl "240+2"]

{1056MB, Fritz8.ctg} 1. e4 e5 2. Nf3 Nc6 3. d4 exd4 4. Bc4 Bc5 5. c3 dxc3 6.
Bxf7+ Kxf7 7. Qd5+ Kf8 8. Qxc5+ d6 9. Qc4 cxb2 10. Bxb2 Nf6 11. Ng5 Qe7 12. O-O
h6 13. Nf3 Nxe4 14. Re1 Bf5 15. Nbd2 Re8 16. Re2 Nxd2 17. Rxd2 Qe6 18. Qc3 Qf7
19. Nh4 Bg6 20. f4 Ke7 21. Qxg7 Qxg7 22. Bxg7 Rhg8 23. Nxg6+ Kf7 24. Bxh6 Rxg6
25. Bg5 Rge6 26. Kf2 b5 27. Rc1 Nb4 28. Rxc7+ Kg6 29. Rxa7 Rb8 30. Rd7 Nxa2 31.
Rxa2 b4 32. Re2 Rxe2+ 33. Kxe2 b3 34. Rxd6+ Kh5 35. h3 Re8+ 36. Kd3 b2 37. Rh6#
1-0